 Dungeon Crawl Stone Soup version 0.31-a0-263-ge8cad7f256 (webtiles) character file.

Game seed: 13022415753120469486

33 qw the Shooter (level 3, -1/29 HPs)
             Began as a Minotaur Hexslinger on July 13, 2023.
             Frozen to death by an endoplasm (5 damage)
             ... on level 2 of the Dungeon.
             The game lasted 00:00:21 (1197 turns).

qw the Shooter (Minotaur Hexslinger)                Turns: 1197, Time: 00:00:22

Health: -1/29      AC:  3    Str: 12    XL:     3   Next: 12%
Magic:  3/3        EV: 12    Int: 10    God:
Gold:   116        SH:  0    Dex: 14    Spells: 3/4 levels left

rFire   . . .        Y - +1 sling
rCold   . . .        (no shield)
rNeg    . . .        i - +0 leather armour
rPois   .            (helmet restricted)
rElec   .            (no cloak)
rCorr   .            (no gloves)
SInv    .            (no boots)
Will    .....        e - amulet of regeneration
Stlth   +            (no ring)
HPRegen 1.04/turn    (no ring)
MPRegen 0.08/turn

%: no passive effects
@: no status effects
A: horns 2, retaliatory headbutt
a: no special abilities


You were on level 2 of the Dungeon.
You visited 1 branch of the dungeon, and saw 2 of its levels.

You collected 116 gold pieces.


Innate Abilities, Weirdness & Mutations

You have a pair of horns on your head.
You reflexively headbutt those who attack you in melee.


   Skills:
 - Level 2.0 Fighting
 + Level 3.6 Ranged Weapons
 - Level 2.1 Dodging
 - Level 1.0 Spellcasting
 - Level 2.0 Hexes


You had 3 spell levels left.
You knew the following spells:

 Your Spells              Type           Power      Damage    Failure   Level
a - Slow                  Hex            16%        N/A       19%         1

Your spell library contained the following spells:

 Spells                   Type           Power      Damage    Failure   Level
 Inner Flame              Hex/Fire       2%         N/A       65%         3
 Portal Projectile        Hex/Tloc       4%         N/A       65%         3
 Cause Fear               Hex            2%         N/A       88%         4

Inventory:

Hand Weapons
 Y - a +1 sling (weapon)
Armour
 i - a +0 leather armour (worn)
Jewellery
 e - an amulet of regeneration (around neck)
Scrolls
 d - a scroll of immolation {unknown}
Potions
 a - a potion of attraction {unknown}
 b - a potion of enlightenment {unknown}
 c - a potion of brilliance {unknown}
 f - a potion of magic {unknown}
 h - 3 potions of curing {unknown}
 j - a potion of degeneration {unknown}

Dungeon Overview and Level Annotations

Branches:
Dungeon (2/15)

Altars:

Annotations:
D:2 Terence


Message History

You shoot a sling bullet.
The sling bullet closely misses Terence.
Terence barely misses you.
You shoot a sling bullet.
The sling bullet hits Terence but does no damage.
Terence hits you with a +0 short sword.
You shoot a sling bullet. The sling bullet hits Terence.
Terence is lightly wounded.
Terence hits you with a +0 short sword.
You shoot a sling bullet.
The sling bullet hits Terence but does no damage.
Terence is lightly wounded.
Terence hits you with a +0 short sword. x2
You shoot a sling bullet. The sling bullet barely misses Terence.
Terence hits you with a +0 short sword.
You shoot a sling bullet. The sling bullet hits Terence!
Terence is heavily wounded.
Terence completely misses you. The endoplasm freezes you.
You are frozen.
You shoot a sling bullet. The sling bullet barely misses Terence.
Terence closely misses you. The endoplasm completely misses you.
You furiously retaliate!
You headbutt the endoplasm. You shoot a sling bullet.
The sling bullet barely misses Terence.
Terence hits you with a +0 short sword. The endoplasm completely misses you.
Terence hits you with a +0 short sword. The endoplasm hits you.
You shoot a sling bullet. The sling bullet hits Terence.
Terence is severely wounded.
Terence hits you with a +0 short sword! The endoplasm barely misses you.
You shoot a sling bullet. The sling bullet hits Terence.
Terence is severely wounded.
Terence closely misses you. The endoplasm freezes you.
You are frozen.
You shoot a sling bullet. The sling bullet hits Terence.
Terence is almost dead.
Terence barely misses you. The endoplasm freezes you.
You are frozen.
You die...

##..........#.####..###
...##.####......../...#
..##...##..#.##.......#
)..........#.##.......#
...#....#..#.#####.####
...#............##.#
.#.................#
.....##.###.#......#####
####..#.# #.#...@J.....#
...#..#.# #.#####@.....#
.}.'....# #.# ##.....#
...#....###.# #......#
####.....:... #.#....##
.....#......# #.###...#
...#####..... #.##.%...#
............ ..#.......#
..(###...... ..#.......#


You could see Terence and an endoplasm.

Vanquished Creatures
  An adder (D:2)
  A dart slug (D:2)
  An endoplasm (D:2)
  2 giant cockroaches (D:2)
  2 hobgoblins
  2 jackals (D:1)
  A quokka (D:2)
  2 ball pythons
  3 frilled lizards
  4 goblins
  2 kobolds
21 creatures vanquished.

Notes
Turn   | Place    | Note
-------+----------+-------------------------------------------
     0 | D:1      | qw the Minotaur Hexslinger began the quest for the Orb.
     0 | D:1      | Reached XP level 1. HP: 16/16 MP: 1/1
     0 | D:1      | 0 ||| qw: Version: 0.3-a-52-g30416fa
     0 | D:1      | 0 ||| qw: Game counter: 7223
     0 | D:1      | 0 ||| qw: Melee chars always use a shield: true
     0 | D:1      | 0 ||| qw: God list: Okawaru
     0 | D:1      | 0 ||| qw: Allow faded altars: false
     0 | D:1      | 0 ||| qw: Do Orc after clearing Dungeon:15 true
     0 | D:1      | 0 ||| qw: Do second Lair branch before Depths: true
     0 | D:1      | 0 ||| qw: Lair rune preference: random
     0 | D:1      | 0 ||| qw: Goals: Normal
     0 | D:1      | 0 ||| PLANNING D:1-11
   267 | D:1      | Reached skill level 3 in Ranged Weapons
   270 | D:1      | Reached XP level 2. HP: 23/23 MP: 2/2
   758 | D:1      | 758 ||| UPGRADING to +0 leather armour.
   768 | D:1      | 768 ||| DROPPING +0 robe.
   769 | D:1      | 769 ||| UPGRADING to amulet of regeneration.
   774 | D:1      | 774 ||| READING scroll labelled LURECVINIT.
   775 | D:1      | 775 ||| READING scroll labelled ARCHUWK LENIMM.
   779 | D:1      | 779 ||| DROPPING scroll of poison.
  1176 | D:2      | Noticed Terence
  1181 | D:2      | Reached XP level 3. HP: 25/29 MP: 3/3
  1181 | D:2      | 1181 ||| FLEEEEING.
  1182 | D:2      | 1182 ||| FLEEEEING.
  1183 | D:2      | 1183 ||| FLEEEEING.
  1184 | D:2      | 1184 ||| FLEEEEING.
  1185 | D:2      | 1185 ||| FLEEEEING.
  1195 | D:2      | HP: 4/29 [Terence/+0 short sword (7)]
  1197 | D:2      | Frozen to death by an endoplasm

Levels and vault maps discovered:
D:1:      lightli_arrival_lavapool, layout_basic, grunt_decor_fettered,
          chequers_garden, kennysheep_decorative_pillar, minmay_pentomino_w2
D:2:      layout_rooms, minmay_misc_feat_room, uniq_terence

Skill      XL: |  1  2 |
---------------+-------+-----
Ranged Weapons | 3 |  3.6
Fighting       | 2 |  2.0
Dodging        | |  2.1
Spellcasting   | |  1.0
Hexes          | |  2.0

Action                     || total
---------------------------++-------
   Fire: Sling             ||    70
    Use: Scroll            ||     2
 Armour: Leather armour    ||     1
  Dodge: Dodged            ||    21

Table legend:
 A = Non-vault XP
 B = Vault XP
 C = Vault XP percentage of total XP
 D = Non-vault monster count
 E = Vault monster count
 F = Vault count percentage of total count
                 A         B        C        D         E       F
            +---------+---------+-------+---------+---------+-------
      Total |      47 |       1 |   2.1 |      20 |       1 |   4.8
            +---------+---------+-------+---------+---------+-------
        D:1 |      11 |       1 |   8.3 |       7 |       1 |  12.5
        D:2 |      36 |       0 |   0.0 |      13 |       0 |   0.0
            +---------+---------+-------+---------+---------+-------
